 Dungeon Crawl Stone Soup version 0.31-a0-1074-g0b22e4e0f1 (webtiles) character file.

Game seed: 16928995578847307733

5714 Pooter the Cleaver (level 10, -1/141 HPs)
             Began as a Minotaur Berserker on Dec 3, 2023.
             Was a Priest of Trog.
             Slain by a two-headed ogre
             ... wielding a +0 giant club
              (21 damage)
             ... on level 9 of the Dungeon.
             The game lasted 00:34:25 (9624 turns).

Pooter the Cleaver (Minotaur Berserker)             Turns: 9624, Time: 00:34:25

Health: -1/141     AC: 12    Str: 24    XL:     10   Next: 48%
Magic:  9/9        EV:  9    Int:  7    God:    Trog [***...]
Gold:   130        SH:  0    Dex: 15    Spells: 9/9 levels left

rFire   + + .        a - +12 executioner's axe of the Blind Eye {flame, rF+ Int+3 Dex+3}
rCold   . . .        (shield currently unavailable)
rNeg    + . .        E - +1 chain mail
rPois   .            H - +0 hat
rElec   .            r - +0 cloak
rCorr   .            v - +0 pair of gloves
SInv    .            (no boots)
Will    .....        L - amulet of the acrobat Stlth
                     N - ring of positive energy
HPRegen 0.43/turn    F - ring of protection from fire
MPRegen 0.11/turn

%: acrobat
@: berserking, very quick
A: horns 2, retaliatory headbutt
a: Renounce Religion, Berserk, Trog's Hand


You were on level 9 of the Dungeon.
You worshipped Trog.
Trog was most pleased with you.
You visited 1 branch of the dungeon, and saw 9 of its levels.

You collected 471 gold pieces.
You spent 341 gold pieces at shops.

Inventory:

Hand Weapons
 a - the +12 executioner's axe of the Blind Eye (weapon) {flame, rF+ Int+3 Dex+3}
   (You acquired it on level 4 of the Dungeon)

   Int+3:     It affects your intelligence (+3).
   Dex+3:     It affects your dexterity (+3).
   rF+:       It protects you from fire.
 b - the +8 storm bow {elec, penet}
   (You acquired it on level 6 of the Dungeon)
 g - a +0 hand axe
 G - a +2 orcbow of electrocution
   (You found it on level 6 of the Dungeon)
 I - a +2 war axe
   (You took it off a wight on level 7 of the Dungeon)
 O - a +5 trident of draining
   (You took it off Jeremiah on level 8 of the Dungeon)
Missiles
 d - 13 poisoned darts
 o - 6 javelins (quivered)
 y - 3 boomerangs
 J - 3 atropa-tipped darts
 Q - 73 stones
Armour
 r - a +0 cloak (worn)
   (You found it on level 4 of the Dungeon)
 v - a +0 pair of gloves (worn)
   (You found it on level 6 of the Dungeon)
 E - a +1 chain mail (worn)
   (You took it off an orc on level 4 of the Dungeon)
 H - a +0 hat (worn)
   (You found it on level 7 of the Dungeon)
Jewellery
 F - a ring of protection from fire (right hand)
   (You found it on level 3 of the Dungeon)
 L - an amulet of the acrobat (around neck)
   (You took it off a wight on level 8 of the Dungeon)
 N - a ring of positive energy (left hand)
   (You found it on level 2 of the Dungeon)
Wands
 f - a wand of flame (5)
   (You bought it in a shop on level 5 of the Dungeon)
 p - a wand of roots (27)
   (You found it on level 3 of the Dungeon)
 D - a wand of polymorph (8)
   (You found it on level 6 of the Dungeon)
Scrolls
 c - 2 scrolls of poison {!r}
 e - a scroll of immolation {unknown}
 k - a scroll of brand weapon {unknown}
 m - 2 scrolls of fear
 n - a scroll of silence {unknown}
 t - a scroll of teleportation {@r4}
 A - a scroll of enchant weapon
 B - 2 scrolls of vulnerability {!r}
 C - a scroll of blinking {unknown}
Potions
 h - 3 potions of curing {@q1}
 j - 4 potions of heal wounds {@q2}
 q - a potion of enlightenment {unknown}
 s - a potion of lignification {unknown}
 u - a potion of attraction {unknown}
 x - a potion of berserk rage {unknown}
 z - a potion of cancellation {unknown}
 K - a potion of invisibility {unknown}
 M - 2 potions of mutation {!q}
 P - a potion of might {unknown}


   Skills:
 + Level 10.3 Fighting
 * Level 13.8 Axes
 + Level 8.1 Ranged Weapons
 - Level 2.4 Armour
 - Level 2.1 Dodging


You had 9 spell levels left.
You didn't know any spells.
Your spell library was empty.

Dungeon Overview and Level Annotations

Branches:
Dungeon (9/15) Zot: 26264  Temple (0/1) D:6            Lair (0/5) D:9
    Orc: D:9-12

Altars:
Elyvilon
Gozag
Kikubaaqudgha
Ru
Sif Muna
Trog
Yredelemnul
Zin

Shops:
D:1 !   D:4 [   D:5 *   D:8 !


Innate Abilities, Weirdness & Mutations

You have a pair of horns on your head.
You reflexively headbutt those who attack you in melee.


Message History

The arrow pierces through the kobold brigand!
Lightning courses through the kobold brigand!
You kill the kobold brigand!
Trog accepts your kill.
You feel very sick.
You start resting.
You feel sick.
You feel very sick.
You feel sick. x7
You are no longer poisoned.
You start resting.
You see here a +0 club.
Q - 68 stones (gained 2)
You see here a +0 short sword.
d - 13 poisoned darts (gained 2)
Things that are here:
a +0 club; a kobold skeleton
Q - 73 stones (gained 5)
Things that are here:
a +0 club; a +0 short sword
Things that are here:
a +2 short sword of electrocution; a kobold skeleton You can no longer call in reinforcements.
A two-headed ogre comes into view. It is wielding two +0 giant clubs.
The two-headed ogre shouts in stereo!
You shoot an arrow.
The arrow barely misses the two-headed ogre.
You shoot an arrow.
The arrow pierces through the two-headed ogre.
You shoot an arrow.
The arrow closely misses the two-headed ogre.
The +8 storm bow {elec, penet} stops crackling.
You feel clever.
You feel agile.
The +12 executioner's axe of the Blind Eye {flame, rF+ Int+3 Dex+3} bursts into flame!
a - the +12 executioner's axe of the Blind Eye (weapon)
{flame, rF+ Int+3 Dex+3} You slash the two-headed ogre!
You burn the two-headed ogre. You headbutt the two-headed ogre!
The two-headed ogre hits you with a +0 giant club.
The two-headed ogre barely misses you.
You barely miss the two-headed ogre. You headbutt the two-headed ogre!
The two-headed ogre hits you with a +0 giant club!! x2
You are too injured to fight recklessly!
You slash the two-headed ogre! You burn the two-headed ogre.
The two-headed ogre hits you with a +0 giant club!!
* * * LOW HITPOINT WARNING * * *
The two-headed ogre hits you with a +0 giant club!
* * * LOW HITPOINT WARNING * * *
A red film seems to cover your vision as you go berserk!
You feel yourself moving faster!
You feel mighty!
The two-headed ogre hits you with a +0 giant club!!
You die...

......................
........).............
##.........).........
#.......).))........
###...#####+####....
#...# #.... #...#
#..## #...# #..#.
#@..# #..#.
......O...# #..#.
............. ...#.
..............# ###.#.
..............# #.#.
..............# #.#.
.............##
.............# # ..


You could see a two-headed ogre.

Vanquished Creatures
  Jeremiah (D:8)
  A hornet (D:9)
  Sigmund (D:2)
  10 yaks
  Menkaure (D:5)
  A water moccasin (D:7)
  An ice beast (D:8)
  An orc warrior (D:9)
  A sky beast (D:6)
  3 black bears
  2 ogres (D:6)
  A centaur (D:5)
  A kobold brigand (D:9)
  3 phantoms
  A gnoll sergeant (D:8)
  2 scorpions
  4 bullfrogs
  8 wights
  10 killer bees (D:8)
  2 howler monkeys (D:5)
  2 lava snakes (D:8)
  6 jellies
  4 hounds
  A gnoll bouda (D:6)
  An iguana (D:5)
  5 orc wizards
  Robin (D:2)
  8 gnolls
  15 adders
  3 shadow imps
  3 white imps
  5 dart slugs
  24 orcs
  11 ball pythons
  6 bats
  4 endoplasms
  9 giant cockroaches
  11 goblins
  10 hobgoblins
  15 kobolds
  3 quokkas
  5 frilled lizards
  12 rats
219 creatures vanquished.

Notes
Turn   | Place    | Note
-------+----------+-------------------------------------------
     0 | D:1      | Pooter the Minotaur Berserker began the quest for the Orb.
     0 | D:1      | Reached XP level 1. HP: 19/19 MP: 0/0
   118 | D:1      | Reached skill level 1 in Ranged Weapons
   119 | D:1      | Reached XP level 2. HP: 22/27 MP: 1/1
   151 | D:1      | Reached skill level 4 in Axes
   369 | D:1      | Found a transporter.
   369 | D:1      | Found Jet Nyu's Distillery.
   492 | D:1      | Reached ** piety under Trog
   503 | D:1      | Reached XP level 3. HP: 26/33 MP: 2/2
   685 | D:1      | Found a transporter.
   809 | D:1      | Bought a potion of degeneration for 13 gold pieces
   847 | D:2      | Found a faded altar of an unknown god.
   921 | D:2      | Reached XP level 4. HP: 33/40 MP: 3/3
  1071 | D:2      | Noticed Robin
  1087 | D:2      | Killed Robin
  1151 | D:2      | Noticed Sigmund
  1166 | D:2      | Killed Sigmund
  1167 | D:2      | Reached skill level 5 in Axes
  1167 | D:2      | Reached XP level 5. HP: 47/47 MP: 4/4
  1281 | D:2      | Reached XP level 6. HP: 52/55 MP: 5/5
  1388 | D:2      | Reached skill level 6 in Axes
  1444 | D:2      | Reached skill level 5 in Fighting
  1722 | D:1      | Bought a potion of curing for 39 gold pieces
  2569 | D:4      | Found Moil's Armour Boutique.
  2687 | D:4      | Reached *** piety under Trog
  2753 | D:4      | Identified a scroll of acquirement
  2754 | D:4      | Acquired the +12 executioner's axe of the Blind Eye {flame,
                  | rF+ Int+3 Dex+3}
  2973 | D:4      | Found an opulent altar of Gozag.
  2980 | D:4      | Found a glowing silver altar of Zin.
  3099 | D:5      | Entered Level 5 of the Dungeon
  3195 | D:5      | Reached XP level 7. HP: 54/61 MP: 6/6
  3201 | D:5      | Reached skill level 5 in Ranged Weapons
  3247 | D:5      | Reached skill level 7 in Axes
  3778 | D:5      | Reached skill level 8 in Axes
  3877 | D:5      | Noticed Menkaure
  3880 | D:5      | Killed Menkaure
  3881 | D:5      | Reached XP level 8. HP: 71/71 MP: 7/7
  4080 | D:5      | Reached skill level 9 in Axes
  4124 | D:5      | Found Otaaj's Assorted Antiques.
  4127 | D:5      | Bought a bubbling emerald potion for 22 gold pieces
  4127 | D:5      | Bought a scroll labelled TUULYT CEOFUADDADD for 25 gold
                  | pieces
  4127 | D:5      | Bought a clear potion for 22 gold pieces
  4127 | D:5      | Bought an iron wand for 100 gold pieces
  4652 | D:6      | Found a white marble altar of Elyvilon.
  4715 | D:6      | Reached skill level 10 in Axes
  4843 | D:6      | Found a staircase to the Ecumenical Temple.
  4958 | D:6      | Reached **** piety under Trog
  5019 | D:6      | Acquired the +8 storm bow {elec, penet}
  5019 | D:6      | Found the +8 storm bow {elec, penet}
  5051 | D:6      | Reached XP level 9. HP: 69/81 MP: 8/8
  5117 | D:6      | Reached skill level 11 in Axes
  5160 | D:6      | Found a basalt altar of Yredelemnul.
  5497 | D:7      | Found a bloodstained altar of Trog.
  6337 | D:7      | Found an ancient bone altar of Kikubaaqudgha.
  6363 | D:7      | Found a shimmering blue altar of Sif Muna.
  6587 | D:7      | Reached skill level 12 in Axes
  8001 | D:8      | Noticed Jeremiah
  8006 | D:8      | Killed Jeremiah
  8007 | D:8      | Reached XP level 10. HP: 61/92 MP: 9/9
  8208 | D:8      | Found Yloekekh's Distillery.
  8217 | D:8      | Reached skill level 13 in Axes
  8336 | D:8      | Bought a potion of heal wounds for 60 gold pieces
  8336 | D:8      | Bought a potion of heal wounds for 60 gold pieces
  8440 | D:8      | Found a sacrificial altar of Ru.
  8908 | D:9      | Found a staircase to the Lair.
  9048 | D:9      | Reached skill level 10 in Fighting
  9201 | D:9      | Paralysed by a hornet for 3 turns
  9616 | D:9      | Noticed a two-headed ogre
  9624 | D:9      | Slain by a two-headed ogre

Illustrated notes

Levels and vault maps discovered:
D:1:      dpeg_arrival_prison, layout_rooms, serial_shops,
          nicolae_shop_drivethru
D:2:      layout_basic, nicolae_ecumenical_snake_handling, minmay_fountain_box,
          minmay_misc_feat_five, minmay_misc_feat_square,
          hangedman_decor_lopped, corexii_corridor_pit, kennysheep_nondescript,
          uniq_robin, uniq_sigmund
D:3:      layout_loops_ring, nicolae_hexahallways, kennysheep_path_1
D:4:      layout_rooms, pdpol_temple_overflow_zin_treasury_gozag_greed,
          minmay_misc_feat_cross, nicolae_take_the_stairs
D:5:      layout_rooms, serial_shops, nicolae_shop_pleasant_corner_grove,
          serial_co_window_serial, co_window_corner_a,
          co_window_of_opportunity_a, co_window_corner_a, co_window_corner_a,
          co_window_of_opportunity_a, co_window_of_opportunity_b,
          co_window_broadway_b, co_window_broadway_b, co_window_corner_b,
          co_window_broadway_c, co_window_corner_b, co_window_paths_e,
          co_window_sun, glass_columns_b, glass_columns_b, glass_columns_b,
          glass_columns_b, uniq_menkaure
D:6:      black_bear_nest_1, layout_loops_ring, kennysheep_ying_yang,
          temple_doors_cd
D:7:      layout_loops_cross, lemuel_crystal_altar,
          mainiacjoe_overflow_large_starburst
D:8:      layout_basic, nicolae_ru_the_path_less_chosen, serial_shops,
          nicolae_shop_behind_doors, grunt_decor_junction, kennysheep_diamond,
          uniq_jeremiah
D:9:      layout_irregular_city, mainiacjoe_overflow_small_starburst,
          lemuel_crystal_altar, lair_entry_dummy, serial_column_ruins,
          column_ruins_square_small, column_ruins_open_tiny,
          column_ruins_open_small, column_ruins_grid_3, column_ruins_open_large,
          column_ruins_corridor_T, column_ruins_columns_dead_end,
          kennysheep_just_a_vault

Skill      XL: |  1  2  3  4  5  6  7  8  9 10 |
---------------+-------------------------------+-----
Ranged Weapons | 1 2 3 4 5 7 8 |  8.1
Axes           | 4 5 6 8 10 12 13 | 13.8
Fighting       | 4 5 6 8 9 10 | 10.3
Armour         | |  2.4
Dodging        | |  2.1

Action                     |  1- 3 |  4- 6 |  7- 9 | 10-12 || total
---------------------------+-------+-------+-------+-------++-------
  Melee: Hand axe          |    88 |    32 |       |       ||   120
         Headbutt          |     8 |    15 |    11 |     5 ||    39
         Halberd           |       |   120 |    20 |       ||   140
         Executioner's axe |       |       |    69 |    23 ||    92
   Fire: Orcbow            |       |       |    24 |       ||    24
         Longbow           |       |       |    69 |    40 ||   109
  Throw: Javelin           |       |       |       |     1 ||     1
 Invoke: Berserk           |     1 |     4 |     4 |     3 ||    12
         Trog's Hand       |       |     3 |     2 |     2 ||     7
  Evoke: Wand              |       |     1 |       |       ||     1
    Use: Scroll            |     2 |     5 |     2 |     5 ||    14
 Armour: Animal skin       |    27 |       |       |       ||    27
         Ring mail         |    34 |    59 |       |       ||    93
         Scale mail        |       |    22 |       |       ||    22
         Chain mail        |       |    21 |    96 |    45 ||   162
  Dodge: Dodged            |    50 |    78 |    40 |    23 ||   191

Table legend: (Time is in decaauts)
 A = Elapsed time spent in this place.
 B = Non-inter-level travel time spent in this place.
 C = Inter-level travel time spent in this place.
 D = Time resting spent in this place.
 E = Time spent auto-exploring this place.
 F = Levels seen in this place.
 G = Mean time per level.
                   A        B        C        D        E       F      G
               +--------+--------+--------+--------+--------+-----+--------+
         Total |   9872 |   9548 |    324 |   3228 |   4876 |   9 | 1096.9 |
       Dungeon |   9872 |   9548 |    324 |   3228 |   4876 |   9 | 1096.9 |
               +--------+--------+--------+--------+--------+-----+--------+

Top non-repeatable levels by time:
     D:8: 2179 daAuts
     D:5: 1439 daAuts
     D:7: 1434 daAuts
     D:2: 935 daAuts
     D:1: 891 daAuts
     D:6: 890 daAuts
     D:3: 795 daAuts
     D:9: 734 daAuts
     D:4: 572 daAuts
